 Dungeon Crawl Stone Soup version 0.21.1-1-g345015f (webtiles) character file.

140 Mesmaeker13 the Skirmisher (level 4, -2/40 HPs)
             Began as a Demigod Wanderer on Mar 2, 2018.
             Killed by nerve-wracking pain
             ... invoked by Ratty's ghost
              (10 damage)
             ... on level 3 of the Dungeon.
             The game lasted 00:08:06 (3653 turns).

Mesmaeker13 the Skirmisher (Demigod Wanderer)       Turns: 3653, Time: 00:08:06

Health: -2/40      AC:  5    Str: 19    XL:     4   Next: 72%
Magic:  7/7        EV: 10    Int: 14    God:
Gold:   87         SH:  0    Dex: 15    Spells: 3/3 levels left

rFire    . . .     SeeInvis .   j - +0 flail (drain)
rCold    . . .     Gourm    .   (no shield)
rNeg     . . .     Faith    .   o - +0 ring mail
rPois    .         Spirit   .   (no helmet)
rElec    .         Reflect  .   (no cloak)
rCorr    .         Harm     .   (no gloves)
MR       .....                  (no boots)
Stlth    +.........             (no amulet)
HPRegen  0.13/turn              (no ring)
MPRegen  0.10/turn              (no ring)

@: no status effects
A: high mp 1
a: no special abilities


You were on level 3 of the Dungeon.
You were not hungry.

You visited 1 branch of the dungeon, and saw 4 of its levels.

You collected 87 gold pieces.

Inventory:

Hand Weapons
 j - a +0 flail of draining (weapon)
Armour
 o - a +0 ring mail (worn)
Scrolls
 b - 2 scrolls of fear
 e - 2 scrolls of remove curse
 g - 2 scrolls of enchant armour
 i - 4 scrolls of fog
 l - a scroll of identify
Potions
 a - 3 potions of berserk rage
 c - a potion of lignification
 d - a potion of curing
 f - a potion of flight
Comestibles
 h - 6 rations


   Skills:
 + Level 3.8 Fighting
 + Level 3.0 Maces & Flails
 + Level 2.2 Armour
 - Level 0.2 Dodging
 - Level 1.7 Stealth
 - Level 1.7 Unarmed Combat
   Level 1.0 Evocations


You had 3 spell levels left.
You didn't know any spells.

Dungeon Overview and Level Annotations

Branches:
Dungeon (4/15)
 Temple: D:4-7

Annotations:
D:3 Ratty's ghost, amateur DENe
D:4 Setanta's ghost, amateur GnFE


Innate Abilities, Weirdness & Mutations

You have an increased reservoir of magic. (+10% MP)


Message History

There is a stone staircase leading up here.
You start resting.
Eating a chunk of flesh.
You eat the chunk of flesh.
This raw flesh tastes terrible.
You start resting.
Setanta's ghost (amateur Gnoll Fire Elementalist) comes into view.
It is wielding a weapon of speed.
Setanta's ghost is nearby!
You climb upwards.
Level annotation: Ratty's ghost, amateur DENe
There is a stone staircase leading down here.
Ratty's ghost casts a spell at you. Pain shoots through your body!
Ratty's ghost gestures at you while chanting.
You barely resist. Ratty's ghost casts a spell at you.
Pain shoots through your body!
* * * LOW HITPOINT WARNING * * *
There is a stone staircase leading up here.
Ratty's ghost casts a spell at you. Pain shoots through your body!
You die...

.........##.#...#
......##W##.#...#
...W...#.##.#...#
.......#.##.#...#
.....#.#.##.#)..#
##.###.#.##.#...#
##.....#...W....#
###########.....##
# #.#...@# #
######## # # # #


You could see Ratty's ghost.

Vanquished Creatures
  An orc priest (D:3)
  2 adders (D:3)
  3 oozes
  2 worms (D:3)
  2 dart slugs
  2 leopard geckos
  10 orcs (D:3)
  2 giant cockroaches (D:1)
  8 hobgoblins
  2 jackals (D:1)
  2 kobolds
  A quokka (D:3)
  A ball python (D:2)
  10 bats
  2 frilled lizards
  4 goblins
  4 rats
58 creatures vanquished.

Notes
Turn   | Place    | Note
-------+----------+-------------------------------------------
     0 | D:1      | Mesmaeker13 the Demigod Wanderer began the quest for the Orb.
     0 | D:1      | Mesmaeker13 set off with: a potion of berserk rage, a scroll of fear, a potion of lignification, a potion of curing, a +0 robe, a +0 club, a +0 dagger, a ration
     0 | D:1      | Reached XP level 1. HP: 18/18 MP: 3/3
   399 | D:1      | Reached XP level 2. HP: 26/26 MP: 5/5
   763 | D:1      | Reached skill level 1 in Armour
  1416 | D:2      | Found a shattered altar of Ashenzari.
  1434 | D:2      | Reached XP level 3. HP: 31/31 MP: 6/6
  2944 | D:3      | Reached XP level 4. HP: 26/38 MP: 7/7
  3485 | D:3      | Noticed Ratty's ghost (amateur DENe)
  3630 | D:4      | Noticed Setanta's ghost (amateur GnFE)
  3653 | D:3      | Killed from afar by Ratty's ghost

Skill      XL: |  1  2  3  4 |
---------------+-------------+-----
Fighting       | 3 |  3.8
Maces & Flails | 2 3 |  3.0
Armour         | 1 2 |  2.2
Dodging        | |  0.2
Stealth        | |  1.7
Unarmed Combat | |  1.7
Evocations     | |  1.0

Action                   |  1- 3 |  4- 6 || total
-------------------------+-------+-------++-------
Melee: Club              |    21 |       ||    21
       Whip              |     4 |       ||     4
       Mace              |   143 |     6 ||   149
       Punch             |     2 |     1 ||     3
       Flail             |       |    52 ||    52
  Use: Scroll            |     4 |       ||     4
       Potion            |       |     1 ||     1
 Stab: Sleeping          |     3 |       ||     3
  Eat: Chunk             |     6 |     3 ||     9
Armor: Leather armour    |    59 |       ||    59
       Ring mail         |    12 |    25 ||    37
Dodge: Dodged            |   116 |    23 ||   139
